[Event "ChessKid Cup Div-III 2023"]
[Site "Online"]
[Date "2023.05.23"]
[Round "3.2"]
[White "Lysyj, Igor"]
[Black "Harikrishna, Pentala"]
[Result "1/2-1/2"]
[ECO "E06"]
[WhiteElo "2606"]
[BlackElo "2704"]
[Annotator "TA"]
[PlyCount "149"]
[EventDate "2023.05.21"]
[EventType "k.o."]
[EventCountry "NET"]
[SourceTitle "playchess.com"]
[Source "ChessBase"]
[SourceQuality "1"]
[TimeControl "900+3"]

1. d4 Nf6 2. c4 e6 3. Nf3 d5 4. g3 Be7 5. Bg2 O-O 6. Qb3 {[%emt 0:00:01] E06: Closed Catalan: Early deviations.} c5 7. cxd5 Qxd5 8. dxc5 Nc6 9. O-O Bxc5 10. Nc3 Qxb3 11. axb3 e5 12. Na4 Be7 {[%emt 0:00:02] [#]} 13. Nb6 $1 Rb8 ({Don't do} 13... axb6 14. Rxa8 Be6 15. Rxf8+ Bxf8 16. Bg5 $16) 14. Nxc8 Rbxc8 15. Be3 {[%emt 0:00:02] [#]} a6 $146 ({Predecessor:} 15... b6 16. Nh4 Na5 17. Nf5 Rfe8 18. Bg5 Bf8 19. Bxf6 gxf6 20. Ra4 Red8 21. Rg4+ Kh8 {½-½ Misyura,I (1967)-Munshi,A (2133) Wch U14 Porto Carras 2018 (10.31)}) 16. Rfd1 (16. Nd2 $5 ) 16... Rfd8 17. Bb6 {[%emt 0:00:11] This pair of bishops is nice.} Rd5 18. Rdc1 Rb5 19. Be3 ({Don't play} 19. Bh3 Re8 20. Be3 Rxb3 $17) 19... Rd8 20. Rd1 Rxd1+ 21. Rxd1 Rxb3 22. Bc1 Rb4 23. Kf1 g6 24. Ne1 Nd4 (24... Rb6 $15) 25. Nd3 $11 Rb5 26. Nxe5 {[%emt 0:00:29][%mdl 64] Discovered Attack} Nxe2 27. Nxg6 Nxg3+ ({Much less strong is} 27... fxg6 28. Kxe2 Kf7 29. Rd3 $14) 28. hxg3 hxg6 29. Rd3 a5 30. b3 b6 31. Bd2 Rf5 32. Bf3 g5 33. g4 Re5 34. Kg2 Kf8 35. Bc3 Re6 36. Bd2 Ne4 37. Be3 Bc5 38. Bxe4 Rxe4 $15 {[%emt 0:00:01][%mdl 4096] Endgame KRB-KRB} 39. Kf3 (39. Bxc5+ $1 $15 bxc5 40. Rd5) 39... Re5 $17 40. Bd2 Be7 41. Bc3 Rb5 42. Bd2 (42. Ke4 $15) 42... f6 ({Better is} 42... Bb4 {Strongly threatening ...Bxd2.} 43. Bc1 f6) 43. Be3 (43. Ke2 $142) 43... Kf7 44. Bd2 (44. Bc1 $17) 44... Ke6 45. Be3 Bc5 46. Bd2 Bd6 47. Be3 Be5 48. Ke2 Bf4 49. Bd4 {[%emt 0:00:05] Against Re5+} f5 ({Black should try} 49... Rb4 50. f3 Rb5) 50. gxf5+ Kxf5 51. f3 Rb4 52. Bf2 Ke6 53. Be1 Rb5 54. Bf2 Re5+ 55. Kf1 b5 $1 56. Rc3 (56. Be1 $17) 56... Rd5 $19 57. Rc6+ {[%emt 0:00:03] [#]} Kf5 (57... Kd7 $1 $19 {[%cal Rd7c6] has better winning chances.} 58. Ra6 Rd1+ 59. Kg2 Rd2) 58. Rb6 {[%emt 0:00:08] [#]} (58. Ke2 $17 {keeps fighting.}) 58... Bd2 (58... g4 $1 $19 59. fxg4+ Kxg4) 59. Ke2 (59. Rb7 $142) 59... Bc3 (59... a4 $17 60. bxa4 bxa4) 60. Be3 Bb4 ({Black should play} 60... Be5 $15) 61. Rb7 Bc3 (61... Re5 $5 62. Kd3 Bd6 63. Rf7+ Ke6 $17) 62. Rf7+ Ke6 63. Rb7 Re5 {[%emt 0:00:01] White must now prevent ...Bd4.} 64. Kd3 {[%emt 0:00:02] Inhibits Bd4.} Bb4 65. Bd4 Rf5 66. Ke2 (66. Rb6+ $11 Kf7 67. Ke4 Rf4+ 68. Ke3) 66... Kd6 67. Be3 Kc6 (67... Re5 $5 68. Kd3 Bc5 $17) 68. Rb6+ {[%emt 0:00:03] The position is equal.} Kd7 {[%emt 0:00:03] ...Re5 is the strong threat.} 69. Rb7+ Kc6 70. Rb6+ Kc7 {[%emt 0:00:00] ...Re5 would be deadly.} 71. Rg6 a4 72. bxa4 bxa4 73. Rxg5 Rxg5 74. Bxg5 a3 {[%emt 0:00:00] Hoping for ...Bc3.} 75. Bc1 {[%emt 0:00:06] Weighted Error Value: White=0.16 (very precise) /Black=0.18 (very precise)} 1/2-1/2

[Event "ChessKid Cup Div-III 2023"]
[Site "Online"]
[Date "2023.05.23"]
[Round "3.2"]
[White "Bernadskiy, Vitaliy"]
[Black "Antipov, Mikhail Al."]
[Result "1-0"]
[ECO "B22"]
[WhiteElo "2592"]
[BlackElo "2588"]
[Annotator "TA"]
[PlyCount "115"]
[EventDate "2023.05.21"]
[EventType "k.o."]
[EventCountry "NET"]
[SourceTitle "playchess.com"]
[Source "ChessBase"]
[SourceQuality "1"]
[TimeControl "900+3"]

1. e4 c5 2. Nf3 e6 3. c3 d5 4. exd5 Qxd5 5. d4 Nf6 6. Be2 Be7 7. O-O O-O 8. Na3 a6 9. Nc4 Nbd7 10. Nfe5 {[%emt 0:00:26] B22: Sicilian: 2 c3.} Nxe5 11. dxe5 Nd7 {[%emt 0:00:11] [#]} 12. Bf4 $146 {[%emt 0:00:06] White is better.} ({Predecessor:} 12. Qc2 Qc6 13. Bf3 Qc7 14. Bf4 Rb8 15. Rad1 b5 16. Nd6 Rb6 17. Nxc8 Rxc8 18. Rfe1 {1-0 Schuster,G (1997)-Wimmer,T (1918) Stuttgart-chA op 2015 (2)}) 12... Qe4 13. Bg3 Rd8 14. Nd6 Bxd6 (14... Qc6 $16) 15. Bf3 $18 Qc4 16. Qxd6 Re8 17. Rfd1 Qb5 {[%emt 0:00:35] Black is weak on the dark squares} 18. b3 Nf8 (18... Qa5 $142 19. c4 Qa3) 19. c4 Qa5 20. Qd2 (20. Bf4 $18 {is more deadly.}) 20... Qxd2 21. Rxd2 Rb8 (21... a5 $142 22. h4 a4) 22. Rad1 Ng6 23. h4 Ne7 24. Be4 (24. Rd8 Kf8 25. Bf4 Nf5) (24. Bf4 $18) 24... b5 $16 25. cxb5 {[%emt 0:00:21] White has more active pieces. The black rooks are badly placed.} axb5 26. Rd8 Kf8 {[%emt 0:00:19] [#]} 27. Rxe8+ ({White should play} 27. f3 $1 $16 {aiming for Bf2.} Bb7 28. Rxb8 {[%mdl 64] Remove Defender} Rxb8 29. Bxb7 (29. Bxh7 g6 $14)) 27... Kxe8 $14 28. Rc1 Bb7 29. Bxb7 Rxb7 30. Rxc5 {[%emt 0:00:01][%mdl 4096] Endgame KRB-KRN} Nd5 31. a3 (31. Rc8+ $16 Ke7 32. h5) 31... h5 $11 32. f3 Rb8 (32... Ra7 $11 {keeps the balance.}) 33. Be1 $16 Kf8 34. Bd2 Kg8 35. Kf2 Kh7 36. g4 Kg6 37. Ke2 Rb7 (37... Ra8 $16) 38. Kd3 Ra7 39. Bb4 Nxb4+ (39... Rb7 $16 40. Bd2 Ra7) 40. axb4 {[%emt 0:00:00] KR-KR} Rb7 41. Ke4 (41. Kd4 $18) 41... Rb8 $2 (41... hxg4 $16 {is more resistant.} 42. fxg4 Kh6) 42. Ke3 $2 (42. g5 $18 {is the precise move to win. Hoping for Rc6.} Rb7 43. Rc6) 42... Rh8 $2 (42... hxg4 $16 {is a better defense.} 43. fxg4 Rh8) 43. g5 $18 ({Weaker is} 43. Rxb5 hxg4 44. fxg4 Rxh4 $11) 43... Rb8 (43... Ra8 {was called for.} 44. Rxb5 Ra3) 44. Ke4 Rb7 45. f4 Rb6 46. Kf3 $2 (46. Rc7 $18) 46... Rb7 $1 $11 47. Ke4 {[%emt 0:00:02] Black must now prevent Rc6.} (47. Rc6 $5 Kf5 $8 48. g6 $11) 47... Rd7 $2 (47... Rb6 $11 48. f5+ exf5+ 49. Kf4 f6) 48. Rc6 $18 Kh7 {[%emt 0:00:01] [#]} 49. g6+ $1 {[%emt 0:00:11][%mdl 576] Decoy} Kxg6 50. f5+ Kh7 51. fxe6 fxe6 52. Rxe6 Rd1 53. Kf5 $2 ({Better is} 53. Rb6 $18) 53... Rh1 $2 (53... Rf1+ $11 54. Ke4 Rh1) 54. Rb6 Rxh4 {[%emt 0:00:02] [#]} 55. e6 $1 {[%emt 0:00:04][%cal Be5e6,Be6e7][%mdl 32] White wants to mate with e7.} ({Less strong is} 55. Rxb5 g6+ 56. Ke6 Rd4 $16) 55... g6+ 56. Ke5 {[%emt 0:00:12] White mates.} Rh1 57. e7 Kg7 58. Re6 {[%emt 0:00:04] Weighted Error Value: White=0.48/Black=0.60} ({Not} 58. e8=R Re1+ 59. Kf4 Rxe8 60. Rxb5 Kh6 $17) 1-0

[Event "ChessKid Cup Div-III 2023"]
[Site "Online"]
[Date "2023.05.23"]
[Round "3.2"]
[White "Lazavik, Denis"]
[Black "Vallejo Pons, Francisco"]
[Result "1-0"]
[ECO "E11"]
[WhiteElo "2544"]
[BlackElo "2712"]
[Annotator "TA"]
[PlyCount "95"]
[EventDate "2023.05.21"]
[EventType "k.o."]
[EventCountry "NET"]
[SourceTitle "playchess.com"]
[Source "ChessBase"]
[SourceQuality "1"]
[TimeControl "900+3"]

1. d4 e6 2. c4 Bb4+ 3. Bd2 Bxd2+ 4. Qxd2 Nf6 5. Nf3 O-O 6. Nc3 d5 7. e3 b6 8. Rc1 {[%emt 0:00:51] E11: Bogo-Indian.} Bb7 9. cxd5 Nxd5 10. Bd3 {[%emt 0:00:49] White has an edge.} Nf6 11. O-O c5 {[%emt 0:00:20] [#]} 12. dxc5 $146 ({Predecessor:} 12. Rfd1 Nbd7 13. e4 Qe7 14. Qf4 {1-0 Duttagupta,A (2124)-Hendricks,R (2006) FICGS W-ch st1 g05 email 2020 (1)}) 12... Nbd7 13. Rfd1 Nxc5 14. Be2 Qxd2 15. Nxd2 Rfd8 16. f3 Nd5 (16... Nd3 $5 17. Rb1 Rd7 $11) 17. Nxd5 Bxd5 18. b4 Na4 19. Rc2 {[%emt 0:00:11] [#] And now Bb5 would win.} a6 {[%emt 0:04:23] Against Bb5} 20. Rdc1 b5 21. e4 Bb7 22. Nb3 Rd7 (22... Bc8 $14) 23. Rc7 $36 {[%emt 0:00:56][%mdl 2048] White is on the roll.} Rad8 24. Na5 Rxc7 25. Rxc7 Ba8 26. Kf2 f5 27. Ke3 g5 ({Black should try} 27... Nb6) 28. g3 {[%emt 0:00:22] White is more active.} g4 {[%emt 0:00:15] [#]} 29. Nc6 $1 $18 (29. fxg4 $6 Bxe4 30. Nc6 Rd6 31. Ne7+ Kf8 $16) 29... Re8 (29... Bxc6 {is a better defense.} 30. Rxc6 gxf3) 30. fxg4 fxe4 {[%emt 0:00:11] ...Nb6 is the strong threat.} 31. Bd1 (31. Kxe4 Nc3+ 32. Ke5 Nxe2 $17) 31... Nc3 32. Bb3 Nd5+ 33. Bxd5 $1 (33. Kxe4 $2 {perishes.} Nxc7 34. Ke5 Bxc6 $19) 33... exd5 {[%emt 0:00:00][%mdl 4096] Endgame KRB-KRN} 34. Nd4 Rb8 35. Nf5 Bb7 36. Kd4 Ba8 (36... Kh8 $142 37. Nd6 Ba8) 37. h4 Kh8 38. h5 {[%emt 0:00:10] Hoping for g5.} Re8 39. Ke3 $2 (39. g5 {White wants to mate with g6.} Rg8 40. Nh6 Rxg5 41. Nf7+ Kg7 42. Nxg5+ {[%mdl 64] Discovered Attack} Kh6 43. Nxh7) 39... Rd8 $2 (39... d4+ 40. Kxd4 e3 41. Nxe3 Bf3) 40. g5 {[%emt 0:00:18] Strongly threatening g6.} d4+ 41. Nxd4 Bd5 42. g6 hxg6 43. hxg6 Bxa2 44. Rh7+ (44. Kxe4 Bb1+ 45. Ke5 (45. Nc2 $2 Rd2 $19) 45... Bxg6 $16) 44... Kg8 45. Nf5 {[%emt 0:00:00] Inhibits Rd6. Black must now prevent Nh6+.} ({Weaker is} 45. Kxe4 Rd6 $14) 45... Rd3+ 46. Kxe4 {[%emt 0:00:04] White mates.} Bb1 47. Nh6+ Kf8 48. g7+ {[%emt 0:00:00] Weighted Error Value: White=0.35/Black=0.45} 1-0

[Event "ChessKid Cup Div-III 2023"]
[Site "Online"]
[Date "2023.05.23"]
[Round "3.3"]
[White "Lysyj, Igor"]
[Black "Harikrishna, Pentala"]
[Result "1/2-1/2"]
[ECO "D42"]
[WhiteElo "2606"]
[BlackElo "2704"]
[Annotator "TA"]
[PlyCount "92"]
[EventDate "2023.05.21"]
[EventType "k.o."]
[EventCountry "NET"]
[SourceTitle "playchess.com"]
[Source "ChessBase"]
[SourceQuality "1"]
[TimeControl "900+3"]

1. d4 Nf6 2. c4 e6 3. Nc3 Bb4 4. e3 c5 5. Bd3 d5 6. cxd5 Nxd5 7. Bd2 cxd4 8. exd4 Nc6 9. Nf3 Nf6 10. O-O O-O 11. Bg5 Be7 12. Re1 h6 {[%emt 0:00:07] D42: Queen's Gambit Declined: Semi-Tarrasch: 5 cxd5 Nxd5 6 e3 Nc6 7 Bd3 .} (12... Nd5 $5 13. Bxe7 Ncxe7 $14) 13. Bf4 b6 14. Qd2 Re8 $1 {[%emt 0:00:48] White has an edge.} 15. Rad1 Bb7 16. Bb1 (16. Ne5 {is interesting.} a6 17. Qe3 Bf8 18. Qh3) 16... Bf8 17. a3 {[%emt 0:00:15] [#]} Rc8 $146 ({Predecessor:} 17... Ne7 18. Nh4 Ned5 19. Be5 g6 20. Nxd5 Bxd5 21. Qf4 Nh5 22. Qg4 Qg5 23. h3 Rec8 {½-½ Gilevich,A (2407)-Sonis,F (2550) ITA-ch 80th Chianciano Terme 2021 (2)}) 18. Qd3 Bd6 19. Bxd6 (19. Ne5 $16) 19... Qxd6 $11 20. Ne4 Nxe4 21. Qxe4 {[%emt 0:00:05] [#] Strongly threatening Qh7+.} f5 22. Qh4 Ne7 23. Ne5 Nd5 24. Bd3 Qe7 25. Qg3 Qg5 (25... g5 $11) 26. Bb5 $14 Re7 27. Ng6 $1 {[%emt 0:02:52] Black must now prevent Qxg5.} Rec7 28. Rxe6 Rc1 29. Ree1 {[%emt 0:01:20] White is more active.} Rxd1 30. Rxd1 Qxg3 31. hxg3 {[%emt 0:00:12] Threatens to win with Bd7.} Rc2 32. Re1 {[%emt 0:00:13] Bd7 would be deadly.} Kf7 33. Ne5+ ({White should play} 33. Be8+ $16 Kf6 34. Nf8) 33... Kf6 34. Re2 Rxe2 35. Bxe2 $11 {[%emt 0:00:05][%mdl 4096] Endgame KBN-KBN} Nc7 $1 36. Bc4 Ne6 $1 37. Bxe6 Kxe6 {[%emt 0:00:04] KB-KN} 38. Nc4 ({Better is} 38. Ng6 $1 $11) 38... Kd5 $1 $15 39. Ne3+ Ke4 $1 40. Kf1 g6 41. Ke2 Kxd4 42. f3 Ba6+ 43. Kd2 Bd3 (43... Ke5 $15) 44. f4 $2 (44. Nd5 $11 {and White is okay.}) 44... Be4 $19 45. Ke2 {[%emt 0:00:05] [#]} h5 46. Kd2 a5 {[%emt 0:00:06] Weighted Error Value: White=0.22 (precise) /Black=0.07 (flawless)} 1/2-1/2

[Event "ChessKid Cup Div-III 2023"]
[Site "Online"]
[Date "2023.05.23"]
[Round "4.1"]
[White "Harikrishna, Pentala"]
[Black "Lazavik, Denis"]
[Result "1-0"]
[ECO "E06"]
[WhiteElo "2704"]
[BlackElo "2544"]
[Annotator "TA"]
[PlyCount "119"]
[EventDate "2023.05.21"]
[EventType "k.o."]
[EventCountry "NET"]
[SourceTitle "playchess.com"]
[Source "ChessBase"]
[SourceQuality "1"]
[TimeControl "900+3"]

1. c4 Nf6 2. Nf3 e6 3. g3 d5 4. Bg2 Be7 5. d4 O-O 6. Nc3 dxc4 7. Ne5 c5 8. dxc5 Qxd1+ 9. Nxd1 {[%emt 0:00:01] E06: Closed Catalan: Early deviations.} Bxc5 10. Bd2 Nc6 11. Nxc4 {[%emt 0:00:14] The position is equal.} Bd7 12. O-O $5 {[%emt 0:00:29][%mdl 4] A promising side line.} Rfd8 13. Nc3 {[%emt 0:00:12] [#]} Be8 $146 ({Predecessor:} 13... e5 14. b3 Be6 15. Bg5 h6 16. Bxf6 gxf6 17. Rac1 Kg7 18. Bxc6 bxc6 19. Na4 Bb4 {½-½ Jerkovic,L (2132)-Mueller,D (2379) W-ch WS/M/571 email 2016}) 14. Rfd1 Rd4 15. Bxc6 Bxc6 ({Don't do} 15... Rxc4 16. Bxb7 Rb8 17. Ba6 $16) 16. Na5 Rad8 17. Nxc6 bxc6 18. Be3 Rxd1+ 19. Rxd1 Rxd1+ 20. Nxd1 $11 {[%emt 0:00:01][%mdl 4096] Endgame KBN-KBN} Bb6 21. Kf1 Kf8 22. f3 Ke7 23. Bg5 h6 24. Bxf6+ Kxf6 {[%emt 0:00:00] KB-KN} 25. e3 Ke5 26. Ke2 f5 27. b3 Bd8 28. Kd3 Kd6 29. Nb2 Bf6 30. Nc4+ Kd7 31. e4 g6 32. b4 Kc7 33. Na5 Be7 34. Kc4 h5 (34... Bf6 $11) 35. h3 (35. e5 $1 $16) 35... Bd6 36. g4 hxg4 37. hxg4 fxg4 38. fxg4 Kd7 39. a3 Bc7 40. Nb7 Ke7 41. Kc5 Kd7 42. Kd4 Ke7 43. e5 Bb6+ 44. Ke4 Bc7 $2 (44... g5 $1 $11 {and Black has nothing to worry.}) 45. Nc5 ({Only move:} 45. a4 $1 $18) 45... Bb6 46. Nb3 (46. Na6 $1 $16) 46... Bc7 47. Nd2 Kd7 48. Kf4 Bd8 $1 49. Ne4 Ke8 50. Nc5 Kf7 {[%emt 0:00:03] [#]} ({Black should play} 50... g5+ $1 $14 51. Ke4 Ke7) 51. Nb7 ({White should try} 51. Na6 $1 $16 ) 51... Bc7 (51... g5+ $14 52. Ke4 Ke7) 52. Nd6+ $18 Ke7 {[%emt 0:00:21] [#]} 53. Kg5 $1 a5 54. Kxg6 {[%emt 0:00:29] White wants to mate with g5.} axb4 55. axb4 {[%emt 0:00:01] White mates.} Kd7 56. Kf6 Bd8+ 57. Kf7 Be7 58. Ne4 Bxb4 59. g5 Bd2 60. Nxd2 {[%emt 0:00:02] Weighted Error Value: White=0.15 (very precise) /Black=0.33} 1-0

[Event "ChessKid Cup Div-III 2023"]
[Site "Online"]
[Date "2023.05.23"]
[Round "4.1"]
[White "Pichot, Alan"]
[Black "Bernadskiy, Vitaliy"]
[Result "1-0"]
[ECO "C18"]
[WhiteElo "2638"]
[BlackElo "2592"]
[Annotator "TA"]
[PlyCount "49"]
[EventDate "2023.05.21"]
[EventType "k.o."]
[EventCountry "NET"]
[SourceTitle "playchess.com"]
[Source "ChessBase"]
[SourceQuality "1"]
[TimeControl "900+3"]

1. e4 e6 2. d4 d5 3. Nc3 Bb4 4. e5 c5 5. a3 Bxc3+ 6. bxc3 Qc7 7. h4 {[%emt 0:00:12] C18: French: 3 Nc3 Bb4: Main line: 7 h4 and 7 Qg4.} (7. Qg4 $5 Kf8 8. Bd2 $11) 7... Nc6 8. h5 (8. dxc5 Nxe5 9. Bf4 f6 $15) 8... Bd7 9. Nf3 {[%emt 0:00:12] The position is equal.} O-O-O {[%emt 0:01:10] [#]} (9... h6 $11) 10. a4 $5 $146 {[%emt 0:00:13][%mdl 8] New and interesting.} ({Much worse is} 10. dxc5 Nxe5 11. Be2 Nxf3+ 12. Bxf3 Qe5+ 13. Kf1 Qxc3 $15) ({Predecessor:} 10. h6 Nxh6 11. Bxh6 gxh6 12. Qd2 Rdg8 13. Rxh6 Rg6 14. Rxg6 hxg6 15. Ng5 cxd4 16. Nxf7 dxc3 17. Qxc3 {0-1 Steinhart,M-Camilleri,H (2133) Bad Woerishofen op 15th 1999 (1)}) 10... f6 11. Bb5 ({Don't play} 11. dxc5 Nxe5 12. Be3 Ne7 13. Nxe5 fxe5 $15) 11... Nge7 12. Bf4 ({Reject} 12. dxc5 Nxe5 13. O-O Nf7 $15) 12... cxd4 13. cxd4 g5 $1 14. Bh2 (14. exf6 $5 gxf4 15. fxe7 Nxe7 16. Ne5 $14) 14... fxe5 {[%emt 0:00:11] [#]} ({Black should play} 14... Qa5+ $1 $14 15. Qd2 Qxd2+ 16. Kxd2 Rhf8) 15. Nxe5 (15. O-O $1 $18 {and the rest is easy.}) 15... Nxe5 (15... Qa5+ $16 16. Qd2 Qxd2+ 17. Kxd2 Rdf8) 16. Bxe5 {[%emt 0:00:06] A strong pair of Bishops.} Qc3+ 17. Kf1 {[%emt 0:00:00] And now Rh3 would win.} Rhf8 18. Rh3 {[%emt 0:00:05] Prevents g4.} Qa5 (18... Bxb5+ $2 19. axb5 Qc4+ 20. Kg1 $18) 19. Qe1 $2 {[%emt 0:03:07] [#]} (19. Rb3 $18 {and White stays clearly on top.}) 19... Bxb5+ $4 (19... Qxe1+ $16 {is tougher.} 20. Rxe1 Bxb5+ 21. axb5 Kd7) 20. axb5 $18 {[%emt 0:00:02] White is clearly winning.} Qxb5+ (20... Qxe1+ $142 21. Kxe1 a6 22. bxa6 bxa6 23. Rxa6 Kd7) 21. Kg1 Nc6 22. Rb3 Qc4 23. Rc3 Qb5 24. Rxa7 Kd7 25. Rb3 {[%emt 0:00:11] Weighted Error Value: White=0.40/Black=0.77} 1-0

[Event "ChessKid Cup Div-III 2023"]
[Site "Online"]
[Date "2023.05.23"]
[Round "4.2"]
[White "Bernadskiy, Vitaliy"]
[Black "Pichot, Alan"]
[Result "1/2-1/2"]
[ECO "C78"]
[WhiteElo "2592"]
[BlackElo "2638"]
[Annotator "TA"]
[PlyCount "158"]
[EventDate "2023.05.21"]
[EventType "k.o."]
[EventCountry "NET"]
[SourceTitle "playchess.com"]
[Source "ChessBase"]
[SourceQuality "1"]
[TimeControl "900+3"]

1. e4 e5 2. Nf3 Nc6 3. Bb5 a6 4. Ba4 Nf6 5. O-O b5 6. Bb3 Bc5 7. a4 Rb8 8. c3 d6 9. d4 Bb6 10. h3 {[%emt 0:00:03] Dodges Bg4. C78: Ruy Lopez: Archangelsk and Möller Defences.} O-O 11. Re1 h6 12. axb5 axb5 13. Na3 {[%emt 0:00:00] 13.Be3 injects fresh life into this line.} b4 14. Nc4 bxc3 15. bxc3 exd4 16. Nxb6 (16. Nxd4 Nxd4 17. cxd4 Bxd4 18. Qxd4 Rxb3 $11) 16... Rxb6 17. cxd4 Re8 {[%emt 0:00:01] [#]} 18. Be3 $146 ({Predecessor:} 18. Bc2 Nb4 19. d5 Nxc2 20. Qxc2 Rb4 21. Ra4 Rxa4 22. Qxa4 Qd7 23. Qc4 Bb7 24. Bb2 {1-0 Uskov,A (2128)-Prraneeth,V (2400) Novi Sad TS Mix 240th 2022 (1)}) 18... d5 {[%emt 0:00:58] [#]} 19. Ne5 $1 Nb4 (19... Bb7 20. f3) 20. Bd2 Bb7 21. Ra4 Nc6 {[%emt 0:01:07] [#]} 22. Nxf7 Kxf7 $14 23. e5 {[%emt 0:00:02] [#]} (23. exd5 $1 $14 Rxe1+ 24. Bxe1) 23... Nb8 $2 24. exf6 $18 Rxe1+ 25. Bxe1 Qxf6 26. Ba5 {[%emt 0:00:10][%mdl 64] Skewer} Ra6 27. Bxc7 Rxa4 (27... Nd7 28. Qh5+ Kf8 29. Bxd5 {[%mdl 64] Overworked Piece} Bxd5 30. Rxa6 Qxa6) 28. Bxa4 Nc6 29. Qh5+ (29. Qe2 Qxd4 30. Bc2 Qc3 $18) 29... Ke7 30. Be5 {[%emt 0:01:26] A strong pair of Bishops.} ({Less strong is} 30. Qxd5 Qxd4 31. Qa2 (31. Bxc6 Qxd5 32. Bxd5 Bxd5 $14) 31... Qe4 $18) 30... Qf7 31. Qe2 ({Resist} 31. Bd6+ $6 Ke6 32. Qxf7+ Kxf7 $16) 31... Kf8 32. Qb5 Nxe5 33. dxe5 {[%emt 0:00:02][%mdl 4096] Endgame KQB-KQB} Qe7 34. Bb3 Qf7 $2 (34... Qc7 {was worth a try.} 35. Qb4+ (35. Bxd5 Qc1+ 36. Kh2 Qf4+ 37. Kh1 Qc1+ 38. Kh2 Qf4+ 39. Kh1 Qc1+ 40. Kh2 $11) 35... Kf7) 35. Qc5+ Qe7 36. Qb5 (36. Qb6 $142) 36... Qf7 $1 37. Qb4+ Qe7 38. Qd4 Qe6 39. f4 Kg8 40. g4 Qc6 {[%emt 0:00:02] [#]} 41. Kf2 $1 Qb5 42. Bc2 Ba6 43. Kg3 {[%emt 0:00:01] Active counter play!} Qa5 44. Bb3 $2 ({White should play} 44. Kh4 $18) 44... Qe1+ $14 45. Qf2 Qc3+ 46. Qf3 Qe1+ 47. Kg2 Qd2+ 48. Qf2 Qd3 49. Bc2 Qc3 50. Bf5 d4 51. Qa2+ (51. Qf3 $5 Qb2+ 52. Kg3 $16) 51... Bc4 52. Qa8+ Kf7 53. Qb7+ Kf8 54. Qc8+ (54. Qf3 $5 Qa5 55. Qf2 $16) 54... Ke7 55. Qc7+ Kf8 56. Qd8+ Kf7 57. Qc7+ Kf8 58. Qc5+ Kf7 $1 {[%emt 0:00:06][%cal Oc4f1] ...Bf1+! is the strong threat.} 59. Qa7+ Kf8 {[%emt 0:00:02] ( -> ...Qd2+)} 60. Qa8+ Kf7 61. Qe4 Qd2+ (61... Qb2+ $14 62. Qc2 Qxc2+ 63. Bxc2 d3) 62. Kg3 $16 Qc3+ $2 (62... Qe3+ $16 63. Qxe3 dxe3) 63. Kh4 $18 {[%emt 0:00:00] Qb7+ would kill now.} g5+ 64. fxg5 hxg5+ 65. Kxg5 {[%emt 0:00:03] Intending Qb7+ and mate.} Qe3+ 66. Kh4 $2 (66. Qf4 $18 {Strongly threatening h4.} Be6 67. h4 Bxf5 68. Kxf5) 66... Qxe4 $11 67. Bxe4 {[%emt 0:00:01] KB-KB} d3 $1 68. Kg5 Ke6 $2 (68... d2 $11 69. Bc2 Be2) 69. Kf4 $18 {[%emt 0:00:02] Bf5+ would be deadly.} d2 70. Bf5+ $2 (70. Bc2 $18 {Threatens to win with Bd1.} Be2 71. Bb3+ Ke7 72. g5) 70... Ke7 71. Bc2 {[%emt 0:00:00] Black must now prevent Bd1.} Be2 $1 {[%emt 0:00:01] Wards off Bd1} 72. h4 {[%emt 0:00:02] Hoping for g5.} (72. g5 {with more complications.} Kf7 73. g6+ Kg7 74. Kg5) 72... d1=Q {[%emt 0:00:01] The position is equal.} 73. Bxd1 Bxd1 $11 {[%emt 0:00:00] KB-K3P} 74. h5 Ke6 75. h6 {[%emt 0:00:12] Threatening mate with h7.} Bc2 76. g5 Bg6 77. h7 Bxh7 78. g6 Bxg6 79. Kg5 Kxe5 {[%emt 0:00:01] Weighted Error Value: White=0.33/Black=0.20 (precise)} 1/2-1/2